 Dungeon Crawl Stone Soup version bcrawl-1.13 (webtiles) character file.

Game seed: 7037417549669231539

152 Camlann the Bolt Thrower (level 5, -1/41 HPs)
             Began as a Demonspawn Archaeologist on July 27, 2019.
             Killed from afar by an orc wizard (3 damage)
             ... with a puff of frost
             ... on level 3 of the Dungeon.
             The game lasted 00:04:05 (2997 turns).

Camlann the Bolt Thrower (Demonspawn Archaeologist) Turns: 2997, Time: 00:04:06

Health: -1/41      AC:  8    Str: 13    XL:     5   Next: 11%
Magic:  5/5        EV: 13    Int: 15    God:
Gold:   283        SH:  0    Dex: 13    Spells: 4/4 levels left

rFire    . . .     SeeInvis +   o - -3 short sword (curse)
rCold    + . .     Gourm    .   (no shield)
rNeg     . . .     Faith    .   b - +1 robe
rPois    .         Spirit   .   c - +1 hat
rElec    .         Reflect  .   l - scarf {buggy}
rCorr    .         Harm     .   (no gloves)
MR       .....                  d - +1 pair of boots
Stlth    +++.......             (no amulet)
HPRegen  0.13/turn              k - ring of see invisible
MPRegen  0.09/turn              (no ring)

@: studying Crossbows
A: icy blue scales 1, agile 1, cold resistance 1, demonic guardian 1,
nightstalker 1
a: no special abilities


You were on level 3 of the Dungeon.
You were not hungry.

You visited 1 branch of the dungeon, and saw 3 of its levels.

You collected 283 gold pieces.

Inventory:

Hand Weapons
 a - a +0 whip
 n - a +0 dagger of holy wrath
 o - a cursed -3 short sword (weapon)
Missiles
 j - 274 poisoned needles
Armour
 b - a +1 robe (worn)
 c - a +1 hat (worn)
 d - a +1 pair of boots (worn)
 l - a scarf of stasis (worn)
Jewellery
 k - a ring of see invisible (left hand)
Scrolls
 h - 5 scrolls of identify
 i - 3 scrolls of enchant weapon
Potions
 m - a potion of heal wounds
 p - a potion of berserk rage
Books
 e - a manual of Crossbows
Miscellaneous
 f - an ancient crate
Comestibles
 g - 7 rations {!d}


   Skills:
 - Level 3.0 Fighting
 - Level 0.8 Maces & Flails
 + Level 5.0 Crossbows
 - Level 2.6 Dodging
 - Level 3.0 Stealth


You had 4 spell levels left.
You didn't know any spells.
Your spell library was empty.

Dungeon Overview and Level Annotations

Branches:
Dungeon (3/12)

Altars:

Annotations:
D:3 Jessica


Innate Abilities, Weirdness & Mutations

You are partially covered in icy blue scales. (AC +2)
A weak demonic guardian rushes to your aid.
You are slightly more attuned to the shadows.
You are agile. (Dex +2)
Your flesh is cold resistant. (rC+)


Message History

You barely miss the orc wizard. The orc wizard closely misses you. x2
You hit the orc wizard but do no damage.
The orc wizard hits you but does no damage.
You barely miss the orc wizard. The orc wizard barely misses you.
The orc wizard looks satisfied for a moment.
You hit the orc wizard but do no damage.
The orc wizard barely misses you.
The orc wizard gestures at you while chanting.
The magic dart hits you!
You hit the orc wizard.
The orc wizard points at you and mumbles some strange words.
The magic dart hits you!
* * * LOW HITPOINT WARNING * * *
You closely miss the orc wizard.
Your white imp disappears in a puff of smoke!
The orc wizard hits you with a +0 dagger!
* * * LOW HITPOINT WARNING * * *
The orc wizard casts a spell at you. The puff of frost hits you! You resist.
You die...

#...(.....# ##.
#.........# ..
#####...##### #.##
#.#.....# #..# #.##....#
###.### #.###...# #
.....# #.# #...#
#..#####.#o### #.# #...#
#......#...@ยง## ##.#
#...#
#...##..#.##))#####..#
#.###
#...#....##..[....## #.#
###.......######..# #.#
###.#...######..####.###
#.##............).....
#..##.######...###)###
##.##.# #.#.)##.# #
#..#.# #.##..#.# #


You could see an orc wizard.

Vanquished Creatures
  Ijyb (D:3)
  An adder (D:3)
  A worm (D:3)
  A dart slug (D:2)
  2 leopard geckos (D:1)
  An orc (D:2)
  2 giant cockroaches
  11 hobgoblins
  7 jackals (D:2)
  6 kobolds
  A quokka (D:2)
  6 bats
  3 frilled lizards
  14 goblins
  6 rats
63 creatures vanquished.

Vanquished Creatures (collateral kills)
  A scorpion (D:3)
  An orc wizard (D:3)
  An orc (D:3)
  2 goblins (D:3)
  4 hobgoblins (D:3)
9 creatures vanquished.

Grand Total: 72 creatures vanquished

Notes
Turn   | Place    | Note
-------+----------+-------------------------------------------
     0 | D:1      | Camlann the Demonspawn Archaeologist began the quest for
                  | the Orb.
     0 | D:1      | Reached XP level 1. HP: 15/15 MP: 1/1
   192 | D:1      | Gained mutation: A weak demonic guardian rushes to your
                  | aid. [demonic ancestry]
   192 | D:1      | Reached XP level 2. HP: 16/22 MP: 2/2
   287 | D:1      | Gained mutation: You have large cloven feet. [potion of
                  | mutation]
   287 | D:1      | Gained mutation: You are weak. (Str -2) [potion of
                  | mutation]
   287 | D:1      | Gained mutation: You do not regenerate when monsters are
                  | visible. [potion of mutation]
   287 | D:1      | Gained mutation: You have a pair of small horns on your
                  | head. [potion of mutation]
   719 | D:1      | Lost mutation: You have large cloven feet. [potion of
                  | mutation]
   719 | D:1      | Lost mutation: You do not regenerate when monsters are
                  | visible. [potion of mutation]
   719 | D:1      | Lost mutation: You are weak. (Str -2) [potion of mutation]
   719 | D:1      | Lost mutation: You have a pair of small horns on your head.
                  | [potion of mutation]
   719 | D:1      | Gained mutation: You are agile. (Dex +2) [potion of
                  | mutation]
   719 | D:1      | Gained mutation: Your flesh is cold resistant. (rC+)
                  | [potion of mutation]
  1027 | D:2      | Gained mutation: You are partially covered in icy blue
                  | scales. (AC +2) [demonic ancestry]
  1027 | D:2      | Reached XP level 3. HP: 24/29 MP: 3/3
  1262 | D:2      | Reached skill level 1 in Crossbows
  1494 | D:2      | Reached skill level 2 in Crossbows
  2072 | D:3      | Noticed Jessica
  2302 | D:3      | Reached XP level 4. HP: 26/35 MP: 4/4
  2405 | D:3      | Reached skill level 3 in Crossbows
  2759 | D:3      | Noticed Ijyb
  2760 | D:3      | Reached skill level 4 in Crossbows
  2794 | D:3      | Killed Ijyb
  2979 | D:3      | Reached skill level 5 in Crossbows
  2979 | D:3      | Gained mutation: You are slightly more attuned to the
                  | shadows. [demonic ancestry]
  2979 | D:3      | Reached XP level 5. HP: 30/41 MP: 5/5
  2997 | D:3      | HP: 2/41 [orc wizard/+0 dagger (7)]
  2997 | D:3      | Killed from afar by an orc wizard

Skill      XL: |  1  2  3  4 |
---------------+-------------+-----
Fighting       | 2 3 |  3.0
Crossbows      | 2 5 |  5.0
Maces & Flails | |  0.8
Dodging        | |  2.6
Stealth        | |  3.0

Action                   |  1- 3 |  4- 6 || total
-------------------------+-------+-------++-------
Melee: Whip              |   223 |       ||   223
       Headbutt          |     6 |       ||     6
       Short sword       |       |    93 ||    93
       Unarmed           |       |    24 ||    24
  Use: Potion            |     5 |     2 ||     7
       Scroll            |     4 |       ||     4
 Stab: Sleeping          |     5 |     1 ||     6
  Eat: Chunk             |     4 |     3 ||     7
Armor: Robe              |    93 |    22 ||   115
       Skin              |       |     1 ||     1
Dodge: Dodged            |   198 |    70 ||   268
